 Dungeon Crawl Stone Soup version 0.26.1-11-gd32895ea62 (webtiles) character file.

Game seed: 7637125571342479467

67 unlimited1921 the Skirmisher (level 3, -1/33 HPs)
             Began as a Draconian Berserker on July 12, 2021.
             Was a Follower of Trog.
             Slain by Crazy Yiuf
             ... wielding a +4 quarterstaff of chaos
              (3 damage)
             ... on level 2 of the Dungeon.
             The game lasted 00:11:19 (1781 turns).

unlimited1921 the Skirmisher (Draconian Berserker)  Turns: 1781, Time: 00:11:19

Health: -1/33      AC:  6    Str: 19    XL:     3   Next: 98%
Magic:  3/3        EV: 13    Int:  8    God:    Trog [*.....]
Gold:   108        SH:  0    Dex: 10    Spells: 2/2 levels left

rFire    . . .     SeeInvis .   a - +0 falchion
rCold    . . .     Faith    .   (no shield)
rNeg     . . .     Spirit   .   (armour unavailable)
rPois    .         Reflect  .   (helmet restricted)
rElec    .         Harm     .   (no cloak)
rCorr    .         Rampage  .   (no gloves)
Will     .....                  l - +0 pair of boots
Stlth    +.........             (no amulet)
HPRegen  0.11/turn              (no ring)
MPRegen  0.08/turn              (no ring)

@: no status effects
A: unfitting armour, cold-blooded, AC +5
a: Renounce Religion, Berserk


You were on level 2 of the Dungeon.
You worshipped Trog.
Trog was aware of your devotion.
You visited 1 branch of the dungeon, and saw 2 of its levels.

You collected 108 gold pieces.

Inventory:

Hand Weapons
 a - a +0 falchion (weapon)
Missiles
 f - 2 javelins
 j - 2 stones
 k - 31 arrows
 r - a throwing net (quivered)
 t - 4 boomerangs
Armour
 l - a +0 pair of boots (worn)
 s - a +1 cloak
Jewellery
 d - an uncursed ring of positive energy {unknown}
 g - an uncursed amulet of guardian spirit {unknown}
 o - an uncursed amulet of reflection {unknown}
Scrolls
 e - a scroll of amnesia {unknown}
 i - 3 scrolls of identify {unknown}
 m - a scroll of immolation {unknown}
 p - a scroll of fog {unknown}
 q - a scroll of magic mapping {unknown}
 v - a scroll of remove curse {unknown}
Potions
 b - a potion of heal wounds {unknown}
 c - a potion of flight {unknown}
 h - a potion of curing {unknown}
 n - 2 potions of brilliance {unknown}
 u - a potion of attraction {unknown}


   Skills:
 + Level 4.1 Fighting
 + Level 3.8 Long Blades
 + Level 3.1 Dodging
 + Level 0.5 Stealth


You had 2 spell levels left.
You didn't know any spells.
Your spell library was empty.

Dungeon Overview and Level Annotations

Branches:
Dungeon (2/15)

Altars:
Xom

Annotations:
D:2 Crazy Yiuf


Innate Abilities, Weirdness & Mutations

Your plain brown scales are hard. (AC +5)
You cannot fit into any form of body armour.
You are cold-blooded and may be slowed by cold attacks.


Message History

You are too injured to fight recklessly!
You are too injured to fight recklessly!
Throw: 2 throwing nets
Press: ? - help, Q - select action, (/) - cycle Shift-Dir - straight line, f - Crazy Yiuf
Aim: Crazy Yiuf, wielding a +4 quarterstaff of chaos and wearing a +2 cloak (moderately wounded, 61% to hit)
Okay, then.
Level annotation: Crazy Yiuf Welcome back, unlimited1921 the Draconian Berserker.
Trog says: Kill them all!
Press ? for a list of commands and other information.
Throw: 2 throwing nets
Press: ? - help, Q - select action, (/) - cycle Shift-Dir - straight line, f - Crazy Yiuf
Aim: Crazy Yiuf, wielding a +4 quarterstaff of chaos and wearing a +2 cloak (moderately wounded, 61% to hit)
You throw a throwing net.
The throwing net completely misses Crazy Yiuf.
You feel yourself speed up.
Crazy Yiuf hits you with a +4 quarterstaff of chaos!
* * * LOW HITPOINT WARNING * * *
Crazy Yiuf freezes you.
You die...

...........###....##
#.....#...
####.^^..### #....#
###.......
###..._^.# ♣....♣
#......# #....^^^.#
♣...♣♣ #......#
#........### ♣♣.♣♣
#####......#
'....##....# ♣.♣♣
#..........#
#....###...# ♣♣.♣
###........#
#..........# ♣.♣♣
#......###
######.....# ♣♣@♣
###......# #.....#
#g# #........#
#....## ...
#..÷...###
######....# #...#
#......# .....######
#.()# #...####
####.# ##### #...#
#.# #.).# #.#
########...# ####.#
#.....)....#


You could see Crazy Yiuf.

Vanquished Creatures
  Jessica (D:2)
  2 adders (D:2)
  A dart slug (D:1)
  A leopard gecko (D:1)
  2 giant cockroaches (D:1)
  2 goblins (D:1)
  6 hobgoblins
  2 bats (D:1)
  2 kobolds
  2 rats (D:1)
21 creatures vanquished.

Notes
Turn   | Place    | Note
-------+----------+-------------------------------------------
     0 | D:1      | unlimited1921 the Draconian Berserker began the quest for
                  | the Orb.
     0 | D:1      | Reached XP level 1. HP: 19/19 MP: 1/1
   440 | D:1      | Reached XP level 2. HP: 24/26 MP: 2/2
   979 | D:1      | You fall into a shaft and drop 1 floor!
   979 | D:2      | Found a shimmering altar of Xom.
  1181 | D:2      | Reached XP level 3. HP: 33/33 MP: 3/3
  1293 | D:2      | Noticed Jessica
  1304 | D:2      | Killed Jessica
  1305 | D:2      | Reached skill level 4 in Fighting
  1773 | D:2      | Found a runed translucent door.
  1774 | D:2      | Noticed Crazy Yiuf
  1781 | D:2      | Slain by Crazy Yiuf

Illustrated notes

Levels and vault maps discovered:
D:1:      ncdulo_smallfort, layout_basic, minmay_vboxes
D:2:      layout_basic, xom_teletrap_fun, uniq_jessica, uniq_crazy_yiuf_cottage

Skill      XL: |  1  2  3 |
---------------+----------+-----
Fighting       | 4 |  4.1
Dodging        | 3 |  3.1
Long Blades    | |  3.8
Stealth        | |  0.5

Action                   || total
-------------------------++-------
Melee: Falchion          ||    68
       Tailslap          ||     9
Throw: Javelin           ||     1
       Throwing net      ||     1
 Stab: Sleeping          ||     1
Armor: Skin              ||    20
Dodge: Dodged            ||    43
       Rpst.: Falchion   ||    11
